 Dungeon Crawl Stone Soup version 0.29.0-11-gd7f09526c8 (webtiles) character file.

Game seed: 3992335363400461361

38075 SensoryNuts the Severer (level 14, -2/126 HPs)
             Began as a Hill Orc Fighter on Sept 5, 2022.
             Slain by Fannar
             ... wielding a +0 quarterstaff of freezing
              (24 damage)
             ... on level 3 of the Lair of Beasts.
             The game lasted 00:21:20 (18018 turns).

SensoryNuts the Severer (Hill Orc Fighter)         Turns: 18018, Time: 00:21:21

Health: -2/126     AC: 21    Str: 27    XL:     14   Next: 0%
Magic:  14/14      EV: 11    Int: 11    God:
Gold:   1034       SH: 24    Dex: 10    Spells: 13/13 levels left

rFire   . . .      SeeInvis +   p - +8 broad axe (protect)
rCold   . . .      Faith    .   H - +4 tower shield
rNeg    . . .      Spirit   .   d - +1 plate armour
rPois   .          Reflect  .   c - +1 helmet
rElec   .          Harm     .   h - +2 cloak of Hadjma {Str+3 Int+3}
rCorr   .          Rampage  .   (no gloves)
Will    +....                   E - +0 pair of boots
Stlth   ..........              (no amulet)
HPRegen 0.31/turn               k - +4 ring of evasion
MPRegen 0.14/turn               y - ring of see invisible

@: studying Axes
A: large bone plates 1, MP-powered wands
a: no special abilities


You were on level 3 of the Lair of Beasts.
You visited 3 branches of the dungeon, and saw 17 of its levels.

You collected 1034 gold pieces.

Inventory:

Hand Weapons
 p - a +8 broad axe of protection (weapon)
 J - a +3 scimitar of flaming
Missiles
 C - a throwing net
Armour
 c - a +1 helmet (worn)
 d - a +1 plate armour (worn)
 h - the +2 cloak of Hadjma (worn) {Str+3 Int+3}
   (You acquired it on level 6 of the Dungeon)

   Str:       It affects your strength (+3).
   Int:       It affects your intelligence (+3).
 E - a +0 pair of boots (worn)
 H - a +4 tower shield (worn)
Jewellery
 b - an amulet of magic regeneration
 k - a +4 ring of evasion (left hand)
 m - a ring of protection from fire
 q - a ring of protection from cold
 y - a ring of see invisible (right hand)
 A - a ring of willpower
Wands
 j - a wand of iceblast (22)
 w - a wand of paralysis (9)
 D - a wand of flame (15) (quivered)
 G - a wand of digging (10)
Scrolls
 a - 2 scrolls of noise
 u - 10 scrolls of teleportation
 F - 6 scrolls of poison
 I - 3 scrolls of identify
Potions
 e - a potion of cancellation
 f - 3 potions of attraction
 g - a potion of curing
 i - 2 potions of brilliance
 l - a potion of ambrosia
 n - 8 potions of lignification
 v - 2 potions of magic
 z - a potion of mutation
 B - 2 potions of degeneration


   Skills:
 + Level 12.2 Fighting
 + Level 3.2 Long Blades
 + Level 18.5 Axes
 + Level 7.3 Armour
 + Level 6.8 Dodging
 + Level 4.5 Stealth
 + Level 12.7 Shields
 + Level 2.0 Evocations


You had 13 spell levels left.
You didn't know any spells.
Your spell library contained the following spells:

 Spells                   Type           Power      Damage    Failure   Level
 Apportation              Tloc           0%         N/A       100%        1
 Blink                    Tloc           0%         N/A       100%        2
 Sublimation of Blood     Necr           0%         N/A       100%        2
 Wereblood                Tmut           0%         N/A       100%        2
 Conjure Flame            Conj/Fire      0%         6-21      100%        3
 Dazzling Flash           Conj/Hex       0%         N/A       100%        3
 Ignite Poison            Fire/Tmut/Pois 0%         N/A       100%        3
 Lesser Beckoning         Tloc           0%         N/A       100%        3
 Mephitic Cloud           Conj/Pois/Air  0%         N/A       100%        3
 Iskenderun's Mystic Bla  Conj/Tloc      0%         2d3       100%        4
 Olgreb's Toxic Radiance  Pois           0%         N/A       100%        4
 Sticky Flame             Conj/Fire      0%         2d3       100%        4
 Agony                    Necr           0%         N/A       100%        5
 Alistair's Intoxication  Tmut/Pois      0%         N/A       100%        5
 Freezing Cloud           Conj/Ice/Air   0%         6-21      100%        5
 Manifold Assault         Tloc           0%         N/A       100%        5
 Silence                  Hex/Air        0%         N/A       100%        5
 Starburst                Conj/Fire      0%         6d3       100%        6
 Ozocubu's Refrigeration  Ice            0%         4d7       100%        7
 Summon Hydra             Summ           0%         N/A       100%        7
 Ignition                 Fire           0%         3d3       100%        8


Dungeon Overview and Level Annotations

Branches:
Dungeon (13/15)            Temple (1/1) D:5            Lair (3/5) D:10
 Shoals (0/4) Lair:3       Spider (0/4) Lair:2          Orc (0/2) D:12
 Vaults (0/5) D:13

Altars:
Ashenzari
Cheibriados
Dithmenos
Elyvilon
Fedhas
Gozag
Hepliaklqana
Kikubaaqudgha
Makhleb
Nemelex Xobeh
Okawaru
Qazlal
Ru
Sif Muna
Trog
Uskayaw
Vehumet
Wu Jian
Xom
Yredelemnul
Zin
The Shining One

Shops:
D:7 (   D:11 *

Portals:
Trove: D:12 (give +7 demon blade)

Annotations:
D:4 2 transporters, PorkyPig's ghost, amateur GnWn
Lair:3 Fannar


Innate Abilities, Weirdness & Mutations

You are partially covered in large bone plates. (SH +4)
You expend magic power (3 MP) to strengthen your wands.


Message History

You block the four-headed hydra's attack.
The four-headed hydra bites you but does no damage. x2
You chop one of the four-headed hydra's heads off!
The flame cauterises the wound!
You hit the three-headed hydra. You burn the three-headed hydra.
The three-headed hydra is severely wounded.
You block the three-headed hydra's attack. x3
The three-headed hydra completely misses you.
The three-headed hydra bites you.
* * * LOW HITPOINT WARNING * * *
The three-headed hydra bites you but does no damage.
Okay, then.
You chop one of the three-headed hydra's heads off!
The flame cauterises the wound!
You slash the two-headed hydra! You burn the two-headed hydra.
The two-headed hydra is almost dead.
You block the two-headed hydra's attack. x2
Unknown command.
You chop one of the two-headed hydra's heads off!
The flame cauterises the wound!
You slash the one-headed hydra! You burn the one-headed hydra.
You kill the one-headed hydra!
You have reached level 14!
Your +3 scimitar of flaming stops flaming.
Your +8 broad axe of protection hums with potential!
p - a +8 broad axe of protection (weapon)
Fannar is nearby!
Fannar is nearby!
Fannar is nearby!
Fannar is nearby!
Fannar is nearby!
Fannar shouts!
Fannar brushes some snowflakes from their robe.
Fannar casts a spell.
Fannar drains the heat from the surrounding environment!
* * * LOW HITPOINT WARNING * * *
Unknown command.
Fannar casts a spell.
Fannar drains the heat from the surrounding environment!
You die...

##...#######.....P.## ##.........
#..##..##.........## #..........
#..................###....#รทรท...
#.....P#..####....###..........#
##...####### #P......e...........
#....P# ##..................
#....## #.....#######......
##....# #......## #.##..# #.....#
##.@.....# ### ..# ##...##
#......P## ... ##..<.# ##.....##
... .....## #......# .....##
##.....# ......#### #.....##
.....#.#.######......#
......#..##..##.....##
.....................# ###.....


You could see Fannar.

Vanquished Creatures
  Gastronok (Lair:3)
  Snorg (D:13)
  4 hydras
  8 vault guards (D:13)
  An ogre mage (D:11)
  A centaur warrior (D:13)
  2 two-headed ogres
  A tengu warrior (D:13)
  4 skeletal warriors (D:12)
  Pikel (D:5)
  2 deep elf pyromancers (D:12)
  A cyclops (D:11)
  2 manticores
  2 ugly things (D:13)
  Maurice (D:8)
  2 black mambas
  A torpor snail (shapeshifter) (D:13)
  A cane toad (Lair:2)
  2 kobold demonologists (D:12)
  2 torpor snails (Lair:2)
  4 komodo dragons
  An unseen horror (D:11)
  An efreet (D:13)
  A meliai (D:13)
  5 trolls
  3 blink frogs (Lair:3)
  5 hornets (D:11)
  3 shadows
  38 yaks
  A wyvern (D:10)
  Sigmund (D:3)
  2 wraiths
  3 basilisks
  7 vampire mosquitoes
  Menkaure (D:5)
  An acid dragon (D:9)
  10 water moccasins
  Duvessa (D:6)
  A floating eye (D:11)
  2 orc warriors
  2 black bears
  An ogre (D:6)
  6 wolves (Lair:2)
  16 centaurs
  2 lemures (D:5)
  Blork the orc (D:5)
  3 kobold brigands
  6 bullfrogs
  3 gnoll sergeants
  A scorpion (D:5)
  3 wights (D:6)
  Dowan (D:6)
  8 killer bees (D:9)
  4 howler monkeys
  An electric eel (Lair:1)
  4 hounds
  An orc priest (D:5)
  Ijyb (D:3)
  2 iguanas (D:6)
  15 orc wizards
  17 gnolls
  7 adders
  A shadow imp (D:8)
  3 white imps
  4 worms
  The ghost of Zeldest the Sneak, a weakling TrDe of Okawaru (D:3)
  2 dart slugs (D:2)
  30 orcs
  7 ball pythons
  5 bats
  4 endoplasms
  6 goblins
  6 hobgoblins
  2 jackals (D:5)
  5 quokkas
  3 training dummies (D:7)
  2 frilled lizards
  16 kobolds
  9 rats
  A spectral hobgoblin (D:1)
343 creatures vanquished.

Vanquished Creatures (others)
  6 fungi
  3 plants
9 creatures vanquished.

Grand Total: 352 creatures vanquished

Notes
Turn   | Place    | Note
-------+----------+-------------------------------------------
     0 | D:1      | SensoryNuts the Hill Orc Fighter began the quest for the
                  | Orb.
     0 | D:1      | Reached XP level 1. HP: 19/19 MP: 1/1
    78 | D:1      | Found a faded altar of an unknown god.
   343 | D:1      | Reached XP level 2. HP: 27/27 MP: 2/2
   485 | D:1      | Reached skill level 3 in Axes
   747 | D:1      | Reached XP level 3. HP: 33/33 MP: 3/3
  1023 | D:2      | Found a white marble altar of Elyvilon.
  1431 | D:2      | Reached XP level 4. HP: 40/40 MP: 4/4
  1727 | D:2      | Reached skill level 4 in Axes
  2032 | D:3      | Noticed Ijyb
  2039 | D:3      | Paralysed by Ijyb for 4 turns
  2047 | D:3      | Paralysed by Ijyb for 2 turns
  2067 | D:3      | Killed Ijyb
  2177 | D:3      | Noticed Sigmund
  2183 | D:3      | Killed Sigmund
  2184 | D:3      | Reached skill level 5 in Axes
  2184 | D:3      | Reached skill level 1 in Dodging
  2184 | D:3      | Reached XP level 5. HP: 33/47 MP: 5/5
  2184 | D:3      | Reached XP level 6. HP: 37/53 MP: 6/6
  2255 | D:3      | Reached skill level 6 in Axes
  2663 | D:3      | Found a runed translucent door.
  2665 | D:3      | Noticed Zeldest's ghost (weakling TrDe)
  3120 | D:3      | Killed Zeldest's ghost
  3643 | D:4      | Found a transporter.
  3869 | D:4      | Found a transporter.
  3876 | D:4      | Noticed PorkyPig's ghost (amateur GnWn)
  4222 | D:5      | Entered Level 5 of the Dungeon
  4236 | D:4      | Reached XP level 7. HP: 35/60 MP: 7/7
  4377 | D:5      | Reached skill level 7 in Axes
  4398 | D:5      | Noticed Menkaure
  4405 | D:5      | Killed Menkaure
  4406 | D:5      | Reached skill level 5 in Armour
  4531 | D:5      | Noticed Pikel
  4543 | D:5      | Killed Pikel
  4544 | D:5      | Reached skill level 5 in Fighting
  4544 | D:5      | Reached skill level 9 in Axes
  4544 | D:5      | Reached XP level 8. HP: 56/68 MP: 8/8
  4660 | D:5      | Found a staircase to the Ecumenical Temple.
  4681 | D:5      | Noticed Blork the orc
  4687 | D:5      | Killed Blork the orc
  4701 | Temple   | Entered the Ecumenical Temple
  4970 | D:5      | Found the +4 robe of Augmentation {Str+4 Int+4 Dex+4}
  5989 | D:6      | Reached skill level 5 in Shields
  5994 | D:6      | Reached skill level 10 in Axes
  6285 | D:6      | Reached XP level 9. HP: 52/75 MP: 9/9
  6408 | D:6      | Reached skill level 1 in Stealth
  6426 | D:6      | Noticed Dowan
  6436 | D:6      | Killed Dowan
  6437 | D:6      | Reached skill level 11 in Axes
  6440 | D:6      | Noticed Duvessa
  6448 | D:6      | Killed Duvessa
  6607 | D:6      | Found an opulent altar of Gozag.
  6613 | D:6      | Found a hazy altar of Hepliaklqana.
  6617 | D:6      | Found a bloodstained altar of Trog.
  6617 | D:6      | Found a glowing golden altar of the Shining One.
  6624 | D:6      | Found a shadowy altar of Dithmenos.
  7216 | D:6      | Identified a scroll of acquirement
  7216 | D:6      | Acquired the +2 cloak of Hadjma {Str+3 Int+3}
  7536 | D:7      | Found Okkath's Firing Range.
  7844 | D:7      | Reached skill level 12 in Axes
  8442 | D:8      | Reached XP level 10. HP: 79/86 MP: 10/10
  8574 | D:8      | Identified the +4 quarterstaff of Moiw {speed, Str-5 Dex+7}
  8610 | D:8      | Noticed Maurice
  8618 | D:8      | Reached skill level 1 in Evocations
  8671 | D:8      | Gained mutation: You expend magic power (3 MP) to
                  | strengthen your wands. [potion of mutation]
  8671 | D:8      | Gained mutation: You are partially covered in large bone
                  | plates. (SH +4) [potion of mutation]
  9100 | D:8      | Killed Maurice
  9423 | D:9      | Reached skill level 13 in Axes
 10392 | D:10     | Entered Level 10 of the Dungeon
 10512 | D:10     | Noticed a two-headed ogre
 10527 | D:10     | Killed a two-headed ogre
 10528 | D:10     | Reached skill level 14 in Axes
 10528 | D:10     | Reached XP level 11. HP: 77/95 MP: 11/11
 11256 | D:10     | Found a staircase to the Lair.
 11546 | D:11     | Reached skill level 15 in Axes
 11780 | D:11     | Noticed an ogre mage
 11783 | D:11     | Paralysed by a hornet for 1 turns
 11788 | D:11     | Killed an ogre mage
 11791 | D:11     | Reached skill level 5 in Dodging
 11944 | D:11     | Found Xyxtic's General Store.
 11978 | D:11     | Noticed a manticore
 11984 | D:11     | Killed a manticore
 12070 | D:11     | Identified the +1 ring mail "Gagoepoi" {Will+ Regen+}
 12083 | D:11     | Noticed a cyclops
 12091 | D:11     | Killed a cyclops
 12467 | D:12     | Noticed a skeletal warrior
 12469 | D:12     | Noticed a skeletal warrior
 12469 | D:12     | Noticed a skeletal warrior
 12475 | D:12     | Killed a skeletal warrior
 12476 | D:12     | Reached XP level 12. HP: 88/106 MP: 12/12
 12489 | D:12     | Reached skill level 16 in Axes
 12626 | D:12     | Found a frozen archway.
 12658 | D:12     | Noticed a two-headed ogre
 12669 | D:12     | Killed a two-headed ogre
 12670 | D:12     | Reached skill level 10 in Fighting
 12811 | D:12     | You fall into a shaft and drop 1 floor!
 12814 | D:13     | Noticed a tengu warrior
 12815 | D:13     | Noticed a vault guard
 12815 | D:13     | Noticed a vault guard
 12815 | D:13     | Noticed a vault guard
 12816 | D:13     | Found a gate to the Vaults.
 12816 | D:13     | Noticed a vault guard
 12816 | D:13     | Noticed a vault guard
 12816 | D:13     | Noticed a vault guard
 12816 | D:13     | Noticed a vault guard
 12817 | D:13     | Noticed a vault guard
 12820 | D:13     | Noticed a centaur warrior
 12822 | D:13     | Killed a vault guard
 12828 | D:13     | Reached skill level 10 in Shields
 12838 | D:13     | Killed a vault guard
 12842 | D:13     | Killed a vault guard
 12848 | D:13     | Killed a vault guard
 12852 | D:13     | Killed a vault guard
 12853 | D:13     | Reached skill level 17 in Axes
 12858 | D:13     | Killed a vault guard
 12865 | D:13     | Killed a centaur warrior
 12881 | D:13     | Killed a vault guard
 12889 | D:13     | Killed a vault guard
 12927 | D:13     | Killed a tengu warrior
 12928 | D:13     | Reached XP level 13. HP: 97/115 MP: 13/13
 13100 | D:13     | Noticed Snorg
 13479 | D:12     | Found a portal to a secret trove of treasure.
 13557 | D:12     | Found a broken altar of Ashenzari.
 13989 | D:12     | Reached skill level 18 in Axes
 14034 | D:12     | Found a staircase to the Orcish Mines.
 14263 | D:13     | Identified the +4 war axe of the Grave {pain, rElec rC+
                  | Int+4}
 14566 | D:13     | Killed Snorg
 14855 | Lair:1   | Entered Level 1 of the Lair of Beasts
 16167 | Lair:2   | Found a hole to the Spider Nest.
 16236 | Lair:2   | Found a snail-covered altar of Cheibriados.
 16261 | Lair:2   | Reached skill level 1 in Long Blades
 16647 | Lair:2   | Acquired a manual of Axes
 17127 | Lair:3   | Noticed Gastronok
 17142 | Lair:3   | Killed Gastronok
 17516 | Lair:3   | Found a staircase to the Shoals.
 17521 | Lair:3   | Noticed Fannar
 17919 | Lair:3   | HP: 3/118 [six-headed hydra (8)]
 17929 | Lair:3   | Reached XP level 14. HP: 18/126 MP: 14/14
 18018 | Lair:3   | Slain by Fannar

Illustrated notes

Levels and vault maps discovered:
D:1:      evilmike_arrival_hilbert_curve, layout_loops_ring,
          dreamdust_ecumenical_altar_drowned_temple, minmay_misc_feat_cross
D:2:      layout_basic, basic_altar, corexii_shack
D:3:      layout_basic, hellmonk_ghost_happy_afterlife, uniq_sigmund, uniq_ijyb
D:4:      layout_loops_ring, gammafunk_ghost_mausoleum
D:5:      layout_cave_pods, temple_fountains, chequers_serial_rivers_small_3,
          uniq_blork_the_orc, uniq_menkaure, uniq_pikel
D:6:      layout_basic, nicolae_overflow_hallway_of_the_gods, uniq_duvessa
D:7:      layout_loops_ring, minivault_1, nicolae_shop_firing_range
D:8:      layout_basic, centaur_isle, uniq_maurice
D:9:      layout_loops_corners
D:10:     layout_basic, lair_entry_dummy, lemuel_flamethrower_1
D:11:     hellmonk_paralyzer, layout_long_grid, serial_shops, kennysheep_mini,
          skrybe_limestone_x
D:12:     layout_roguey, orc_0_dummy, portal_ice_cave_entry_pillars_1,
          nicolae_trove_entry_isolated, nicolae_ashenzari_skybound
D:13:     layout_cave_pools, erik_vaults_2, uniq_snorg
Temple:   bh_familiar_temple
Lair:1:   layout_gridlike, small_statue_intersection, infiniplex_staircase_pool
Lair:2:   layout_small_grid, spider_nest_entry_a, st_stairs_4,
          chequers_serial_rivers_small_a, kennysheep_snail_temple
Lair:3:   layout_chaotic_city, elwin_shoals_entry_rocks, serial_bayou_shore_b,
          infiniplex_staircase_pool_2, uniq_gastronok, uniq_fannar

Skill      XL: |  1  2  3  4  5  6  7  8  9 10 11 12 13 |
---------------+----------------------------------------+-----
Axes           | 3 5 6 9 10 12 14 15 17 18 | 18.5
Fighting       | 4 5 7 8 9 10 12 | 12.2
Armour         | 4 5 6 7 |  7.3
Dodging        | 1 2 3 4 5 6 |  6.8
Shields        | 4 5 6 7 9 11 12 | 12.7
Stealth        | 1 3 4 |  4.5
Evocations     | 2 |  2.0
Long Blades    | 3 |  3.2

Action                   |  1- 3 |  4- 6 |  7- 9 | 10-12 | 13-15 || total
-------------------------+-------+-------+-------+-------+-------++-------
Melee: War axe           |    98 |     2 |       |       |       ||   100
       Broad axe         |       |   135 |   179 |   387 |   255 ||   956
       Scimitar          |       |       |       |       |    55 ||    55
Evoke: Wand              |       |       |    16 |     9 |       ||    25
  Use: Scroll            |       |    19 |     7 |     7 |    13 ||    46
       Potion            |       |     1 |       |     9 |    17 ||    27
 Stab: Sleeping          |       |       |       |     5 |       ||     5
       Paralysed         |       |       |       |     2 |       ||     2
       Invisible         |       |       |       |       |     2 ||     2
Armor: Scale mail        |    53 |    45 |    22 |       |       ||   120
       Robe              |       |       |    36 |    82 |    29 ||   147
       Plate armour      |       |       |       |       |   189 ||   189
Dodge: Dodged            |    49 |    83 |   100 |   158 |   152 ||   542
Block: Buckler           |    16 |    34 |       |       |       ||    50
       Kite shield       |       |       |   118 |   223 |       ||   341
       Tower shield      |       |       |       |   143 |   452 ||   595
